Map: Ruins of Seras

Players

Pure - Winner!

  • Race: Protoss Protoss
  • League: Diamond

EndOfLine

  • Race: Zerg Zerg
  • League: Master

Event: ASL Season 5 Prime League LOTV Beta

VOD

Have the link to the VOD?

Description

Time

  • Played on: Sept. 1, 2015, 8:50 p.m.
  • Length: 8:58

All games in this series

Show
View Real Time Build Order
Export as new Build Order

Pure Protoss - Winner!

Build Orders: 1 Gate Expand 

Get SALT Encoding   

  12  0:01  Probe  
  13  0:13  Probe  
  14  0:21  Pylon  
  14  0:25  Probe  
  15  0:39  Probe  
  15  0:41  Gateway  
  16  0:49  Assimilator  
  16  0:51  Probe  
  17  1:04  Probe  
  18  1:16  Probe  
  19  1:29  Cybernetics Core  
  19  1:38  Nexus  
  19  1:41  Probe  
  20  1:55  Pylon  
  20  1:56  Probe, Warp Gate  
  21  2:06  Stalker  
  23  2:13  Probe  
  24  2:25  Probe  
  25  2:38  Mothership Core  
  27  3:02  Adept  
  29  3:06  Gateway  
  29  3:08  Gateway  
  29  3:13  Pylon  
  29  3:17  Assimilator  
  29  3:28  Probe x2  
  29  3:33  Gateway  
  31  3:40  Probe  
  30  4:12  Adept, Pylon  
  30  4:15  Adept  
  30  4:16  Adept  
  33  4:18  Probe x2  
  35  4:30  Probe x2  
  37  4:39  Adept  
  37  4:40  Adept x2  
  37  4:41  Adept  
  37  4:42  Probe x2  
  47  4:46  Pylon  
  47  4:51  Robotics Facility  
  47  4:54  Probe x2  
  49  5:02  Adept x2  
  49  5:04  Adept  
  49  5:05  Adept  
  49  5:06  Probe x2  
  57  5:32  Adept x2  
  61  5:52  Assimilator  
  61  5:55  Observer, Pylon  
  61  5:56  Assimilator  
  62  5:57  Pylon  
  62  6:01  Pylon  
  60  6:07  Adept  
  62  6:13  Probe  
  62  6:17  Robotics Bay  
  57  6:19  Adept x3  
  55  6:42  Stalker x4  
  51  6:55  Immortal  
  51  6:59  Probe x2  
  55  7:07  Adept x3  
  55  7:08  Adept  
  63  7:11  Probe x2  
  65  7:23  Probe  
  65  7:24  Probe  
  65  7:28  Stalker x2  
  69  7:30  Sentry  
  69  7:35  Sentry  
  67  7:51  Probe x2  
Show
View Real Time Build Order
Export as new Build Order

EndOfLine Zerg 

Build Orders: Hatch First 

Get SALT Encoding   

  12  0:00  Drone  
  13  0:13  Overlord  
  13  0:18  Drone  
  14  0:31  Drone x2  
  16  0:35  Drone  
  17  0:55  Hatchery  
  16  0:58  Drone  
  16  1:00  Drone  
  18  1:11  Extractor  
  18  1:16  Spawning Pool  
  16  1:19  Drone  
  16  1:22  Drone  
  18  1:28  Drone  
  19  1:39  Drone  
  20  2:03  Queen  
  20  2:07  Queen  
  20  2:08  Zergling x4  
  26  2:09  Overlord  
  26  2:12  Drone  
  26  2:13  Metabolic Boost  
  27  2:19  Drone  
  28  2:30  Drone x2  
  28  2:35  Roach Warren  
  28  2:36  Drone  
  30  2:42  Drone  
  31  2:48  Queen  
  32  3:00  Overlord  
  32  3:01  Drone x3  
  35  3:19  Zergling x12  
  40  3:34  Drone x2  
  42  3:43  Drone x2  
  42  3:45  Lair  
  44  3:48  Overlord  
  44  3:49  Evolution Chamber, Overlord x2  
  42  4:11  Drone x4  
  42  4:12  Drone  
  42  4:15  Drone  
  45  4:24  Drone x4  
  45  4:27  Zerg Missile Weapons Level 1  
  45  4:30  Extractor  
  46  4:31  Extractor  
  46  4:37  Zergling x8  
  49  4:44  Glial Reconstitution  
  49  4:49  Drone x3  
  49  4:50  Drone  
  53  4:59  Overseer  
  53  5:00  Roach x3  
  59  5:08  Overlord  
  59  5:09  Overlord  
  59  5:24  Roach  
  50  5:31  Roach x6  
  50  5:34  Roach  
  59  5:46  Roach  
  59  5:47  Roach  
  60  5:56  Roach x2  
  60  6:02  Zergling x4  
  60  6:04  Zergling x4  
  62  6:10  Zergling x4  
  57  6:24  Drone x2  
  57  6:25  Drone x2  
  53  6:33  Zergling x4  
  51  6:40  Drone  
  51  6:43  Drone  
  48  6:50  Queen  
  48  6:51  Queen  
  51  6:59  Drone  
  51  7:00  Drone x2  
  54  7:05  Drone  
  55  7:14  Hydralisk Den  
  54  7:20  Drone  
  54  7:21  Drone  
  50  7:31  Roach x2  
  50  7:39  Roach  
  44  7:46  Roach x2  
  44  7:50  Roach  
Tags
 
Add a new tag
Caveats
  • Supply blocks, unpowered buildings, or Contaminate may cause inaccurate times.
  • Supply counts are checked every 10 seconds.